 Dungeon Crawl Stone Soup version 0.15-a0-244-g7dd1917 (webtiles) character file.

50 PrimeNumbers2 the Insei (level 3, 0/23 HPs)
             Began as an Octopode Transmuter on Apr 25, 2014.
             Slain by a giant cockroach (2 damage)
             ... on Level 1 of the Dungeon.
             The game lasted 00:04:25 (1005 turns).

PrimeNumbers2 the Insei (Octopode Transmuter)       Turns: 1005, Time: 00:04:27

HP   0/23        AC  1     Str 10      XL: 3   Next:  8%
MP   5/6         EV 12     Int 15      God:
Gold 24          SH  0     Dex 12      Spells:  1 memorised,  5 levels left

rFire  . . .     SeeInvis .       - Unarmed
rCold  . . .     Clarity  .     (no shield)
rNeg   . . .     Conserve .     (helmet restricted)
rPois  .         rCorr    .     (no amulet)
rElec  .         rRot     .     (no ring)
SustAb . .       Spirit   .     (no ring)
rMut   .         Warding  .     (no ring)
Saprov . . .     Stasis   .     (no ring)
MR     .....                    (no ring)
                                (no ring)
                                (no ring)
                                (no ring)

@: appendage (expiring), not resistant to hostile enchantments, fairly stealthy
A: almost no armour, amphibious, 8 rings, constrict 8, tentacle spike 3,
camouflage 1, gelatinous body 1
a: End Transformation


You were on level 1 of the Dungeon.
You were not hungry.
One of your tentacles had a temporary spike.
You visited 1 branch of the dungeon, and saw 2 of its levels.

You collected 24 gold pieces.

Inventory:

Missiles
 b - 12 arrows
Comestibles
 c - an apricot
 h - a meat ration
 j - an orange
 n - a choko
Scrolls
 e - 2 scrolls of identify {unknown}
 f - a scroll of immolation {unknown}
 k - a scroll of random uselessness {unknown}
 m - a scroll of blinking {unknown}
Potions
 g - a potion of curing {unknown}
 i - a potion of mutation {unknown}
 l - 2 potions of heal wounds {unknown}
 o - a potion of restore abilities {unknown}
Books
 d - a book of Changes

   Spells                             Type                      Level
   *Beastly Appendage                 Transmutation                1
   Sticks to Snakes                   Transmutation                2
   Spider Form                        Transmutation/Poison         3
   Ice Form                           Ice/Transmutation            4
   Blade Hands                        Transmutation                5


   Skills:
 + Level 1.1 Fighting
 + Level 2.3 Dodging
 + Level 3.5 Unarmed Combat
 + Level 2.3 Spellcasting
 + Level 2.0 Transmutations


You had 5 spell levels left.
You knew the following spells:

 Your Spells              Type           Power        Failure   Level  Hunger
a - Beastly Appendage     Trmt           #.....       12%         1    #......


Dungeon Overview and Level Annotations

Branches:
Dungeon (2/15)

Altars:


Innate Abilities, Weirdness & Mutations

You cannot wear most types of armour.
You are amphibious.
You can wear up to eight rings at the same time.
You can use your tentacles to constrict many enemies at once.
Your skin changes colour to match your surroundings (Stlth).
Your rubbery body absorbs attacks (AC +1).
One of your tentacles bears a large vicious spike.


Message History

* * * LOW HITPOINT WARNING * * *
You climb upwards.
There is a stone staircase leading down here.
You tentacle-slap the hobgoblin but do no damage.
Your grab misses the hobgoblin.
The giant cockroach bites you but does no damage.
The hobgoblin barely misses you.
You completely miss the hobgoblin. You grab the hobgoblin.
You pierce the hobgoblin.
The hobgoblin is severely wounded.
You constrict the hobgoblin. The hobgoblin hits you with a club.
* * * LOW HITPOINT WARNING * * *
The giant cockroach bites you but does no damage.
You tentacle-slap the hobgoblin but do no damage.
Your grab misses the hobgoblin.
Your tentacle spike misses the hobgoblin.
You constrict the hobgoblin, but do no damage.
The hobgoblin misses you. The hobgoblin closely misses you.
The giant cockroach bites you.
You die...

.# #........# #.# .#
#........# #.#
.##########........#
#.#
..........+........#
#.#
###########......).###
#.# #............# #.#
### #.##.###.###.# #.#
#.### #.##.#..gs.#.#
#.# ....##
#.#..#..@g...# #.#
P.P..# #.#.##..)....#
#.# .....#
#.#..........# #.####
.<...# #.#####......#
#..... .....#
#.#..........# ######
P.P..####.##.##......#
....##.......##......#
....##.#.#######.#.#.#
.......#.............#


You could see a giant cockroach and 2 hobgoblins.

Vanquished Creatures
  An adder (D:1)
  An ooze (D:1)
  A giant cockroach (D:1)
  2 goblins (D:1)
  2 hobgoblins (D:1)
  A ball python (D:1)
  2 bats (D:1)
  3 giant newts (D:1)
  3 kobolds (D:1)
  4 rats (D:1)
20 creatures vanquished.

Notes
Turn   | Place    | Note
--------------------------------------------------------------
     0 | D:1      | PrimeNumbers2, the Octopode Transmuter, began the quest for the Orb.
     0 | D:1      | Reached XP level 1. HP: 13/13 MP: 3/3
   366 | D:1      | Reached XP level 2. HP: 12/18 MP: 2/4
   838 | D:1      | Reached XP level 3. HP: 14/23 MP: 3/6
  1004 | D:1      | HP: 1/23 [hobgoblin/club (3)]
  1005 | D:1      | Slain by a giant cockroach

Action                   || total
-------------------------++-------
Melee: Unarmed           ||    44
 Cast: Beastly Appendage ||    14
 Stab: Sleeping          ||     1
